 Dungeon Crawl Stone Soup version 0.25.1-2-g60ff931df9 (webtiles) character file.

Game seed: 8439160916746830723

25 gruber the Grasshopper (level 2, -2/14 HPs)
             Began as a Spriggan Warper on Oct 17, 2020.
             Slain by an adder (4 damage)
             ... on level 2 of the Dungeon.
             The game lasted 00:00:55 (1216 turns).

gruber the Grasshopper (Spriggan Warper)            Turns: 1216, Time: 00:00:55

Health: -2/14      AC:  2    Str:  7    XL:     2   Next: 82%
Magic:  6/6        EV: 18    Int: 14    God:
Gold:   93         SH:  0    Dex: 15    Spells: 6/6 levels left

rFire    . . .     SeeInvis +   l - +2 short sword (freeze)
rCold    + . .     Gourm    .   (shield restricted)
rNeg     . . .     Faith    .   b - +0 robe
rPois    .         Spirit   .   (helmet restricted)
rElec    .         Reflect  .   (no cloak)
rCorr    .         Harm     .   (gloves unavailable)
MR       .....                  (boots unavailable)
Stlth    +++.......             (no amulet)
HPRegen  0.04/turn              k - ring of protection from cold (curse)
MPRegen  0.10/turn              (no ring)

@: very quick
A: very small, unfitting armour, see invisible, herbivore, speed 3, slow
metabolism 2
a: no special abilities


You were on level 2 of the Dungeon.
You were not hungry.

You visited 1 branch of the dungeon, and saw 2 of its levels.

You collected 93 gold pieces.

Inventory:

Hand Weapons
 a - a +2 short sword of holy wrath
 l - a +2 short sword of freezing (weapon)
Missiles
 e - 5 boomerangs of dispersal (quivered)
Armour
 b - a +0 robe (worn)
Jewellery
 k - a cursed ring of protection from cold (left hand)
Scrolls
 c - 2 scrolls of identify {unknown}
 d - 2 scrolls of blinking
 h - a scroll of magic mapping {unknown}
 i - a scroll of immolation {unknown}
 j - 2 scrolls of amnesia {unknown}
Potions
 g - a potion of brilliance {unknown}
 m - a potion of degeneration {unknown}
Comestibles
 f - a ration


   Skills:
 - Level 1.5 Fighting
 - Level 2.1 Short Blades
 - Level 1.0 Throwing
 - Level 3.5 Dodging
 * Level 4.2 Stealth
 - Level 2.6 Spellcasting
   Level 4.4 Translocations


You had 6 spell levels left.
You didn't know any spells.
Your spell library contained the following spells:

 Spells                   Type           Power        Failure   Level  Hunger
 Blink                    Tloc           N/A          5%          2    ###....
 Gell's Gravitas          Tloc           ##........   11%         3    ###....
 Lesser Beckoning         Tloc           ##........   11%         3    ###....
 Teleport Other           Tloc           ##......     11%         3    ###....
 Shroud of Golubria       Chrm/Tloc      #.....       14%         2    ###....
 Passage of Golubria      Tloc           N/A          36%         4    #####..


Dungeon Overview and Level Annotations

Branches:
Dungeon (2/15)

Altars:


Innate Abilities, Weirdness & Mutations

You are very small and have problems with some larger weapons.
You are too small for most types of armour.
You have supernaturally acute eyesight. (SInv)
You are a herbivore.
You cover ground extremely quickly.
You need to consume almost no food.


Message History

The adder completely misses you.
You completely miss the adder. The adder completely misses you.
You hit the adder. You freeze the adder.
The adder is heavily wounded.
The adder bites you.
You hit the adder. You freeze the adder.
The adder is almost dead.
The adder bites you.
* * * LOW HITPOINT WARNING * * *
The adder closely misses you.
You miss the adder.
The adder is almost dead.
The adder misses you.
You closely miss the adder.
The adder is almost dead.
The adder closely misses you.
You barely miss the adder.
The adder is almost dead.
The adder bites you.
You die...

####.# ####.....# #...#
##############.#.###
#.........@Sl>)#...#
#.######..##.#####.#
#.# #..##...#...# #.#
####...###.#.### #.#
#.......##...###.## #.#
#.##...####.#...... #.#
#.##...# #........
#.###.##...####)##..###
#.......<..>...........


You could see an adder and a frilled lizard.

Vanquished Creatures
  An adder (D:2)
  4 hobgoblins (D:2)
  3 kobolds (D:1)
  2 bats
  3 frilled lizards
  2 goblins (D:1)
  A rat (D:1)
16 creatures vanquished.

Notes
Turn   | Place    | Note
-------+----------+-------------------------------------------
     0 | D:1      | gruber the Spriggan Warper began the quest for the Orb.
     0 | D:1      | Reached XP level 1. HP: 10/10 MP: 5/5
   224 | D:1      | Reached skill level 1 in Stealth
   980 | D:2      | Reached XP level 2. HP: 14/14 MP: 6/6
  1216 | D:2      | Slain by an adder

Illustrated notes

Levels and vault maps discovered:
D:1:      heliophobic_arrival_enchanted_forest, layout_basic
D:2:      layout_loops_ring, minmay_misc_feat_ornament

Skill      XL: |  1  2 |
---------------+-------+-----
Stealth        | 2 4 |  4.2
Fighting       | |  1.5
Short Blades   | |  2.1
Throwing       | |  1.0
Dodging        | |  3.5
Spellcasting   | |  2.6
Translocations | |  4.4

Action                   || total
-------------------------++-------
Melee: Short sword       ||    49
 Stab: Sleeping          ||     3
Armor: Robe              ||     3
Dodge: Dodged            ||    40
